 Dungeon Crawl Stone Soup version 0.31-a0-836-g3ceb0a68c4 (webtiles) character file.

Game seed: 17415776892723281301

8088 avis the Nimble (level 11, -7/53 HPs)
             Began as a Felid Shapeshifter on Sept 26, 2023.
             Was an Initiate of Gozag.
             Mangled by a blink frog (11 damage)
             ... on level 8 of the Dungeon on Sept 27, 2023.
             The game lasted 00:58:43 (12484 turns).

avis the Nimble (Felid Shapeshifter)               Turns: 12484, Time: 00:58:43

Health: -7/53      AC:  2    Str: 11    XL:     11   Next: 5%
Magic:  12/12      EV: 26    Int: 15    God:    Gozag
Gold:   480        SH:  0    Dex: 18    Spells: 10/10 levels left
                                        Lives:  0   Deaths: 4

rFire   + .          .
                       - Unarmed
rCold   . . .        (shield unavailable)
rNeg    . . .        (body armour unavailable)
rPois   .            (helmet unavailable)
rElec   .            (cloak unavailable)
rCorr   .            (gloves unavailable)
SInv    +            (boots unavailable)
Will    +++..        (no amulet)
Stlth   +            j - ring of protection from fire
HPRegen 0.28/turn    c - ring of willpower
MPRegen 0.13/turn

%: no passive effects
@: flux-form, glowing, quick
A: glow, contaminating, very small, claws 1, fangs 3, see invisible, speed 1,
shaggy fur 2, stealthy paws, no weapons or thrown items, no armour, multi-lived,
clever 1, strong-willed 1
a: Begin Untransformation, Renounce Religion, Potion Petition, Call Merchant,
Bribe Branch


You were on level 8 of the Dungeon.
You worshipped Gozag.
Gozag was aware of your devotion.
You were something dangerously unstable.
You visited 3 branches of the dungeon, and saw 10 of its levels.

You collected 978 gold pieces.
You spent 450 gold pieces at shops.
You paid 48 gold pieces to Gozag.

Inventory:

Jewellery
 c - a ring of willpower (right paw)
 j - a ring of protection from fire (left paw)
Talismans
 b - a beast talisman
 f - a flux talisman (active)
Wands
 e - a wand of polymorph (12)
 i - a wand of charming (2)
 t - a wand of acid (3)
Scrolls
 a - 4 scrolls of poison
 d - 2 scrolls of fog {unknown}
 g - 4 scrolls of enchant armour
 n - a scroll of silence
 o - 3 scrolls of blinking {unknown}
 q - a scroll of amnesia {unknown}
Potions
 h - 2 potions of degeneration
 k - a potion of mutation
 l - 3 potions of enlightenment
 m - 2 potions of brilliance


   Skills:
 - Level 9.0 Fighting
 - Level 12.0 Dodging
 * Level 3.5 Unarmed Combat
 - Level 12.0 Shapeshifting


You had 10 spell levels left.
You didn't know any spells.
Your spell library contained the following spells:

 Spells                   Type           Power      Damage    Failure   Level
 Slow                     Hex            0%         N/A       26%         1
 Summon Small Mammal      Summ           0%         N/A       26%         1
 Call Canine Familiar     Summ           0%         N/A       63%         3
 Confusing Touch          Hex            0%         N/A       63%         3
 Sigil of Binding         Hex            0%         N/A       63%         3
 Summon Guardian Golem    Hex/Summ       0%         N/A       63%         3
 Vampiric Draining        Necr           0%         2d6       63%         3
 Borgnjor's Vile Clutch   Necr/Erth      0%         N/A       100%        5
 Death Channel            Necr           0%         N/A       100%        6
 Animate Dead             Necr           Unusable   N/A       N/A         4

Dungeon Overview and Level Annotations

Branches:
Dungeon (8/15)             Temple (1/1) D:6            Lair (1/5) D:8

Altars:
Ashenzari
Cheibriados
Dithmenos
Gozag
Hepliaklqana
Kikubaaqudgha
Makhleb
Nemelex Xobeh
Okawaru
Qazlal
Ru
Sif Muna
Trog
Uskayaw
Vehumet
Wu Jian
Xom
Yredelemnul
Zin
The Shining One

Shops:
D:8 !


Innate Abilities, Weirdness & Mutations

You are something dangerously unstable.
You glow with magical radiation, making you easy to see and hit.
Foes you strike become dangerously contaminated with magical radiation.
You have sharp claws.
You have razor-sharp teeth.
You have supernaturally acute eyesight. (SInv)
You cover ground quickly. (Speed+)
You are covered in thick fur. (AC +2)
Your paws help you pounce on unaware monsters.
You are incapable of wielding weapons or throwing items.
You cannot wear armour.
You gain extra lives every three experience levels.
Your mind is acute. (Int +4, Str/Dex -1)
You are strong-willed. (Will+)


Message History

There is a staircase to the Lair, spattered with blood here.
You start resting.
HP restored.
You climb downwards.
Welcome back to the Lair of Beasts!
The blink frog blinks! x2
The blink frog hits you!
The blink frog blinks!
The blink frog hits you!
The blink frog blinks!
There is a staircase back to the Dungeon, spattered with blood here.
The blink frog misses you.
You climb upwards.
Welcome back to the Dungeon!
There is a staircase to the Lair, spattered with blood here.
You scratch the blink frog.
The blink frog begins to glow.
The blink frog is lightly wounded.
The blink frog completely misses you. The blink frog hits you!
* * * LOW HITPOINT WARNING * * *
You scratch the blink frog.
The blink frog glows dangerously bright.
The blink frog is moderately wounded.
The blink frog misses you.
You closely miss the blink frog.
The blink frog is moderately wounded.
The blink frog closely misses you.
You closely miss the blink frog.
The blink frog is moderately wounded.
The blink frog barely misses you.
You barely miss the blink frog.
The blink frog is moderately wounded.
The blink frog hits you!
* * * LOW HITPOINT WARNING * * *
The blink frog blinks!
You feel extremely strange.
You feel strong-willed.
You feel clever.
The blink frog blinks!
Attack: -) Teeth and claws
Press: ? - help, Dir - move target, f - you
Okay, then.
You start resting.
A blink frog is nearby!
The blink frog hits you!
You die...
Your body crumbles into a pile of gold.

...#......######
..........#
#..##.....#
...##.....#
...##.....#
...##.....########
...####.##.......#
...# #.##.......#
...####.##.....Fp#
.....##.##..######
#...........#
#..#.......##
#..###...#.###
#..##......>.#
#.....#.#########
#.)..#..# #...#
#.^....#### #...#


You could see a blink frog (contam).

Vanquished Creatures
  A boulder beetle (D:8)
  3 cane toads
  A rime drake (D:8)
  A komodo dragon (Lair:1)
  Prince Ribbit (D:8)
  3 blink frogs (D:8)
  Grinder (D:4)
  A slime creature (D:8)
  A wraith (D:7)
  Sigmund (D:3)
  5 yaks (D:8)
  Grum (D:8)
  A basilisk (Lair:1)
  2 steam dragons
  Duvessa (D:6)
  5 water moccasins
  2 sky beasts
  3 black bears
  2 ice beasts
  5 wolves
  2 ogres
  A centaur (D:7)
  2 kobold brigands (D:8)
  6 bullfrogs
  2 scorpions
  Dowan (D:6)
  3 howler monkeys (D:7)
  4 jellies
  3 orc priests
  5 hounds
  A gnoll bouda (D:6)
  A sleepcap (D:8)
  2 iguanas
  An orc wizard (D:3)
  Robin (D:3)
  9 adders
  6 gnolls
  A shadow imp (D:5)
  A white imp (D:3)
  A worm (D:4)
  2 dart slugs (D:2)
  12 orcs
  4 ball pythons
  12 endoplasms
  2 giant cockroaches
  11 goblins
  14 hobgoblins
  3 jackals (D:5)
  4 quokkas
  6 bats
  7 frilled lizards
  12 kobolds
  4 rats
187 creatures vanquished.

Vanquished Creatures (others)
  An adder (D:6)
1 creature vanquished.

Grand Total: 188 creatures vanquished

Notes
Turn   | Place    | Note
-------+----------+-------------------------------------------
     0 | D:1      | avis the Felid Shapeshifter began the quest for the Orb.
     0 | D:1      | Reached XP level 1. HP: 9/9 MP: 2/2
   232 | D:1      | Reached XP level 2. HP: 12/13 MP: 3/3
   787 | D:2      | Noticed an ogre
   854 | D:2      | Reached XP level 3. HP: 16/16 MP: 4/4
   966 | D:2      | Found an ancient bone altar of Kikubaaqudgha.
  1753 | D:3      | Reached XP level 4. HP: 8/19 MP: 5/5
  1754 | D:3      | Reached skill level 5 in Shapeshifting
  2024 | D:3      | Noticed Sigmund
  2366 | D:3      | Found an ornate altar of the Wu Jian Council.
  2376 | D:3      | Reached XP level 5. HP: 23/23 MP: 6/6
  2388 | D:3      | Found a stormy altar of Qazlal.
  2543 | D:3      | Found a burning altar of Makhleb.
  2879 | D:4      | Noticed Robin
  2932 | D:3      | Killed Robin
  3171 | D:4      | Found a snail-covered altar of Cheibriados.
  3200 | D:4      | Found a shimmering blue altar of Sif Muna.
  3357 | D:4      | Found an opulent altar of Gozag.
  3359 | D:4      | Found a hide-covered altar of Uskayaw.
  3417 | D:4      | HP: 1/24 [gnoll/+0 halberd (15)]
  3576 | D:4      | Reached skill level 5 in Dodging
  3576 | D:4      | Gained mutation: You are covered in thick fur. (AC +2)
                  | [Felid growth]
  3576 | D:4      | Reached XP level 6. HP: 26/28 MP: 7/7
  3709 | D:4      | Noticed Grinder
  3733 | D:4      | Killed Grinder
  3877 | D:4      | Reached XP level 7. HP: 30/33 MP: 8/8
  4020 | D:5      | Entered Level 5 of the Dungeon
  4182 | D:5      | Reached skill level 5 in Fighting
  4862 | D:4      | Splashed by a jelly's acid
  5431 | D:6      | Reached XP level 8. HP: 29/37 MP: 9/9
  5708 | D:6      | Found a staircase to the Ecumenical Temple.
  5868 | D:4      | Became a worshipper of Gozag Ym Sagoz the Greedy
  6144 | Temple   | Entered the Ecumenical Temple
  6515 | D:6      | Found a glowing silver altar of Zin.
  6687 | D:6      | Noticed Dowan
  6688 | D:6      | Noticed Duvessa
  6706 | D:6      | Killed Duvessa
  6727 | D:6      | Killed Dowan
  7199 | D:7      | Reached XP level 9. HP: 15/41 MP: 10/10
  8736 | D:3      | Killed Sigmund
  9146 | D:8      | Found Xoujaph's Distillery.
  9234 | D:8      | Noticed a boulder beetle
  9294 | D:8      | Killed a boulder beetle
  9536 | D:8      | Slain by a slime creature
  9632 | D:8      | Noticed Grum
  9643 | D:8      | Reached XP level 10. HP: 42/48 MP: 11/11
 10147 | D:8      | Found a staircase to the Lair.
 10176 | D:8      | Killed Grum
 10332 | D:8      | Bought a potion of heal wounds for 75 gold pieces
 10332 | D:8      | Bought a potion of heal wounds for 75 gold pieces
 10332 | D:8      | Bought a potion of haste for 150 gold pieces
 10332 | D:8      | Bought a potion of resistance for 150 gold pieces
 10599 | Lair:1   | Entered Level 1 of the Lair of Beasts
 10679 | Lair:1   | Noticed a cane toad
 10685 | Lair:1   | Killed a cane toad
 10686 | Lair:1   | Reached skill level 10 in Shapeshifting
 10757 | Lair:1   | Noticed a cane toad
 10844 | Lair:1   | Killed a cane toad
 10856 | Lair:1   | Noticed Prince Ribbit
 10879 | D:8      | Killed Prince Ribbit
 11551 | Lair:1   | Noticed a seven-headed hydra
 11556 | Lair:1   | Slain by a seven-headed hydra
 11948 | Lair:1   | Noticed a cane toad
 11965 | Lair:1   | Mangled by a cane toad
 12001 | D:8      | Killed a cane toad
 12002 | D:8      | Reached XP level 11. HP: 31/53 MP: 12/12
 12479 | D:8      | HP: 2/53 [blink frog (11)]
 12480 | D:8      | Gained mutation: You are strong-willed. (Will+) [potion of
                  | mutation]
 12480 | D:8      | Gained mutation: Your mind is acute. (Int +4, Str/Dex -1)
                  | [potion of mutation]
 12484 | D:8      | Mangled by a blink frog

Illustrated notes

Levels and vault maps discovered:
D:1:      dpeg_chamrin_arrival_tetris, layout_loops_cross, st_stairs_12
D:2:      layout_loops_ring, basic_altar
D:3:      layout_loops_ring, lemuel_coloured_pillars_altar,
          mainiacjoe_overflow_catwalk_spiral, chequers_garden,
          hangedman_decor_diamond_cutter, uniq_sigmund
D:4:      layout_loops_ring, lemuel_doored_altar, kennysheep_mini,
          nicolae_overflow_hidden_temple, uniq_grinder, uniq_robin
D:5:      layout_loops_corners
D:6:      layout_cave_pods, zin_academy, minmay_temple_entry_proselytizer,
          uniq_duvessa
D:7:      layout_gridville, eino_small_chamber_without_monster, glass_columns_c
D:8:      minmay_curly_fans, layout_rooms, lair_entry_dummy, serial_shops,
          nicolae_shop_tiny_real_fake_doors, uniq_grum
Temple:   hc_temple_tempest_star
Lair:1:   layout_hall_layers, uniq_amaemon, uniq_prince_ribbit2

Skill      XL: |  1  2  3  4  5  6  7  8  9 10 |
---------------+-------------------------------+-----
Fighting       | 2 3 4 5 6 8 9 |  9.0
Dodging        | 3 5 6 9 11 12 | 12.0
Shapeshifting  | 4 5 8 9 12 | 12.0
Unarmed Combat | |  3.5

Action                     |  1- 3 |  4- 6 |  7- 9 | 10-12 || total
---------------------------+-------+-------+-------+-------++-------
  Melee: Unarmed           |    94 |   113 |   371 |   225 ||   803
         Bite              |     9 |    12 |    59 |    28 ||   108
         Punch             |     2 |     4 |     6 |       ||    12
  Evoke: Wand              |       |       |     2 |       ||     2
    Use: Potion            |     1 |     2 |     5 |     7 ||    15
         Scroll            |       |       |     7 |     3 ||    10
   Stab: Sleeping          |     3 |     2 |     3 |       ||     8
         Distracted        |       |       |     1 |     2 ||     3
 Armour: Skin              |    27 |    35 |    93 |    82 ||   237
  Dodge: Dodged            |    45 |    89 |   307 |   268 ||   709
   Form: Flux              |       |       |     1 |     1 ||     2
         Beast             |       |       |       |     1 ||     1

Table legend: (Time is in decaauts)
 A = Elapsed time spent in this place.
 B = Non-inter-level travel time spent in this place.
 C = Inter-level travel time spent in this place.
 D = Time resting spent in this place.
 E = Time spent auto-exploring this place.
 F = Levels seen in this place.
 G = Mean time per level.
                   A        B        C        D        E       F      G
               +--------+--------+--------+--------+--------+-----+--------+
         Total |  10939 |   9562 |   1377 |   3168 |   3833 |  10 | 1093.9 |
       Dungeon |  10218 |   8866 |   1352 |   2974 |   3706 |   8 | 1277.2 |
        Temple |     62 |     62 |      0 |     58 |      0 |   1 |   62.0 |
          Lair |    658 |    633 |     25 |    135 |    126 |   1 |  658.0 |
               +--------+--------+--------+--------+--------+-----+--------+

Top non-repeatable levels by time:
     D:8: 2192 daAuts
     D:6: 1472 daAuts
     D:3: 1443 daAuts
     D:5: 1265 daAuts
     D:7: 1164 daAuts
     D:4: 921 daAuts
     D:1: 891 daAuts
     D:2: 867 daAuts
  Lair:1: 658 daAuts
  Temple: 62 daAuts
